 Dungeon Crawl Stone Soup version 0.18.1-5-g4a78601 (webtiles) character file.

70368 SkaryMonk the Impaler (level 15, -5/111 HPs)
             Began as a Formicid Abyssal Knight on May 9, 2016.
             Was the Champion of Lugonu.
             Slain by an enchanted long sword (12 damage)
             ... on level 13 of the Dungeon on May 11, 2016.
             The game lasted 02:56:46 (41670 turns).

SkaryMonk the Impaler (Formicid Abyssal Knight)    Turns: 41670, Time: 02:56:47

Health: -5/111     AC: 23    Str: 21    XL:     15   Next: 77%
Magic:  24/24      EV:  7    Int: 14    God:    Lugonu [******]
Gold:   1191       SH: 11    Dex: 10    Spells: 0 memorised, 14 levels left

rFire  + + .     SeeInvis +     l - +0 glaive
rCold  . . .     Gourm    .     I - +1 plate armour {rF+}
rNeg   + + +     Faith    +     O - +0 shield of Leapfrog {rF+ rN+ MR+ rCorr}
rPois  +         Spirit   .     (helmet unavailable)
rElec  .         Dismiss  .     s - +2 cloak
rCorr  +         Reflect  .     V - +0 pair of gloves "Ulowk" {rPois rN++ MR++}
SustAt +         Harm     .     R - +0 pair of boots {Fly}
MR     ++++.                    Z - amulet of faith
Stlth  ..........               C - ring of sustain attributes
                                o - ring of poison resistance

@: flying, incredibly resistant to hostile enchantments, extremely unstealthy
A: permanent stasis, dig shafts and tunnels, four strong arms, antennae 3
a: Dig, Shaft Self, Depart the Abyss, Bend Space, Banish, Corrupt, Enter the
Abyss, Brand Weapon With Distortion, Renounce Religion, Stop Flying


You were on level 13 of the Dungeon.
You worshipped Lugonu.
Lugonu was exalted by your worship.
You were hungry.

You visited 3 branches of the dungeon, and saw 22 of its levels.
You visited the Abyss 2 times.
You also visited: Volcano.

You collected 2474 gold pieces.
You spent 1283 gold pieces at shops.

Notes
Turn   | Place    | Note
--------------------------------------------------------------
     0 | Abyss:1  | SkaryMonk the Formicid Abyssal Knight began the quest for the Orb.
     0 | Abyss:1  | Reached XP level 1. HP: 18/18 MP: 2/2
    47 | Abyss:1  | Noticed a small abomination
    65 | Abyss:1  | Noticed a small abomination
    71 | Abyss:1  | Noticed a sixfirhy
    73 | D:1      | Escaped the Abyss
   155 | D:1      | Reached XP level 2. HP: 23/24 MP: 3/3
   208 | D:1      | Reached * piety under Lugonu
   338 | D:1      | Reached skill level 3 in Polearms
   477 | D:1      | Reached XP level 3. HP: 28/29 MP: 4/4
   951 | D:2      | You fall through a shaft!
  1486 | D:2      | Found a burning altar of Makhleb.
  1487 | D:2      | Found a radiant altar of Vehumet.
  1684 | D:2      | Reached XP level 4. HP: 17/35 MP: 5/5
  1692 | D:2      | Reached skill level 4 in Polearms
  1781 | D:2      | Reached ** piety under Lugonu
  1959 | D:2      | You fall through a shaft!
  2183 | D:3      | Found a faded altar to an unknown god.
  2214 | D:3      | Noticed a sky beast
  2701 | D:2      | Reached XP level 5. HP: 20/41 MP: 6/6
  3144 | D:3      | Noticed a sky beast
  3156 | D:3      | You fall through a shaft for 2 floors!
  3156 | D:5      | Entered Level 5 of the Dungeon
  3194 | D:4      | Noticed Graouh's ghost (amateur MiFi)
  3287 | D:5      | Found Quirgh's Assorted Antiques.
  3292 | D:5      | Bought a trident for 84 gold pieces
  3311 | D:5      | Noticed Loki's ghost (amateur GrFi)
  3321 | D:6      | Found a staircase to the Ecumenical Temple.
  3321 | D:6      | Noticed a centaur
  3358 | D:6      | Reached skill level 5 in Polearms
  3520 | D:6      | Noticed a centaur
  3632 | D:5      | Found a sparkling altar of Nemelex Xobeh.
  3996 | D:3      | Reached XP level 6. HP: 41/47 MP: 7/7
  4024 | D:3      | Found a shimmering altar of Xom.
  4079 | D:3      | Killed a sky beast
  4079 | D:3      | Reached skill level 6 in Polearms
  4093 | D:3      | Killed a sky beast
  4093 | D:3      | Reached *** piety under Lugonu
  4093 | D:3      | Reached XP level 7. HP: 52/52 MP: 8/8
  4117 | D:3      | Reached skill level 7 in Polearms
  4906 | D:5      | Found Ythruopn's Distillery.
  4912 | D:5      | Bought a potion of might for 40 gold pieces
  4912 | D:5      | Bought 2 potions of curing for 60 gold pieces
  4950 | D:5      | Reached skill level 8 in Polearms
  5133 | D:5      | Found a sacrificial altar of Ru.
  5238 | D:6      | Found Botzautt's Armour Shoppe.
  5284 | D:6      | Reached XP level 8. HP: 7/60 MP: 9/9
  6432 | D:5      | Reached skill level 5 in Fighting
  6748 | D:6      | Bought a +0 buckler for 67 gold pieces
  6982 | D:6      | Reached **** piety under Lugonu
  7373 | D:5      | Found Zomuoraell's Distillery.
  7834 | D:6      | Reached skill level 5 in Shields
  7834 | D:6      | Reached XP level 9. HP: 28/68 MP: 10/10
  8140 | D:7      | Reached skill level 5 in Armour
  9101 | D:7      | Found an oddly glowing altar of Pakellas.
  9124 | D:7      | Found an opulent altar of Gozag.
  9287 | D:8      | Found a staircase to the Lair.
  9288 | D:8      | Noticed an elephant
  9885 | D:8      | Found Qoxaxun's Armour Boutique.
 10003 | D:8      | You fall through a shaft for 3 floors!
 10367 | D:11     | Noticed Sonja
 10378 | D:10     | Entered Level 10 of the Dungeon
 10442 | D:10     | You fall through a shaft for 3 floors!
 11216 | D:10     | Reached XP level 10. HP: 74/74 MP: 11/11
 11662 | D:10     | Reached skill level 5 in Invocations
 11858 | D:10     | Noticed a hill giant
 11888 | D:10     | Banished a hill giant
 12285 | D:11     | Noticed a cyclops
 12315 | D:10     | Found a portal to a secret trove of treasure.
 12726 | D:9      | Reached ***** piety under Lugonu
 12754 | D:8      | HP: 3/74 [wolf spider zombie (6)]
 12857 | Abyss:1  | Noticed a large abomination
 13098 | Abyss:1  | Noticed a smoke demon
 13100 | D:8      | Escaped the Abyss
 13146 | D:8      | Reached skill level 9 in Polearms
 13372 | D:8      | Banished an elephant
 13372 | D:8      | Reached XP level 11. HP: 80/80 MP: 17/17
 13500 | D:8      | Found Sonaugre's Jewellery Boutique.
 13575 | D:8      | Found Huto Ruu's Antique Armour Shop.
 13615 | D:8      | Found Sige's General Store.
 13623 | D:8      | Bought a scroll of identify for 22 gold pieces
 13655 | D:8      | Found Qawami's Jewellery Shop.
 14226 | D:5      | Killed Loki's ghost
 14226 | D:5      | Reached skill level 10 in Polearms
 14481 | D:4      | Killed Graouh's ghost
 14687 | D:4      | Noticed Sigmund
 14707 | D:4      | Killed Sigmund
 15238 | D:9      | Noticed Erolcha
 15683 | D:9      | Noticed Prince Ribbit
 15759 | D:9      | Reached skill level 11 in Polearms
 16068 | D:9      | Found a white marble altar of Elyvilon.
 16524 | D:9      | Banished Erolcha
 17299 | D:9      | Noticed Psyche
 17702 | D:9      | Killed Psyche
 18512 | D:10     | Reached skill level 12 in Polearms
 19724 | D:10     | Found a staircase to the Orcish Mines.
 19929 | D:10     | You fall through a shaft!
 19929 | D:11     | Noticed a cyclops
 19932 | D:11     | Banished a cyclops
 20293 | D:10     | Reached XP level 12. HP: 57/86 MP: 18/18
 20575 | D:10     | Reached skill level 13 in Polearms
 20603 | Lair:1   | Entered Level 1 of the Lair of Beasts
 21586 | Lair:1   | Found a blossoming altar of Fedhas.
 21901 | D:6      | Bought the cursed +0 shield of Leapfrog {rF+ rN+ MR+ rCorr} for 463 gold pieces
 22551 | Lair:2   | Reached skill level 14 in Polearms
 23942 | Lair:3   | Noticed a four-headed hydra
 23943 | Lair:3   | Banished a four-headed hydra
 24277 | Lair:3   | Noticed Snorg
 24281 | Lair:3   | Banished Snorg
 24360 | Lair:3   | Reached skill level 15 in Polearms
 25402 | Lair:4   | Found a staircase to the Snake Pit.
 25496 | Lair:4   | Reached XP level 13. HP: 88/91 MP: 19/19
 25537 | Lair:4   | Noticed a five-headed hydra
 25539 | Lair:4   | Banished a five-headed hydra
 26018 | Lair:4   | Noticed a four-headed hydra
 26020 | Lair:4   | Banished a four-headed hydra
 26054 | Lair:4   | Reached skill level 16 in Polearms
 26666 | Lair:5   | Found a dark tunnel.
 26672 | Volcano  | Entered a volcano
 26731 | Volcano  | Noticed a centaur warrior
 26743 | Volcano  | Killed a centaur warrior
 26743 | Volcano  | Reached skill level 1 in Evocations
 27166 | Lair:5   | Noticed a five-headed hydra
 27168 | Lair:5   | Banished a five-headed hydra
 28847 | Lair:6   | Reached skill level 5 in Evocations
 28992 | Lair:6   | Reached skill level 10 in Invocations
 29272 | Lair:6   | Reached skill level 10 in Armour
 29326 | Lair:6   | Reached XP level 14. HP: 44/98 MP: 21/21
 31642 | Lair:6   | Found a staircase to the Shoals.
 33101 | Lair:7   | Found a staircase to the Slime Pits.
 34130 | Orc:1    | Entered Level 1 of the Orcish Mines
 34240 | Orc:2    | Entered Level 2 of the Orcish Mines
 35224 | Orc:2    | Reached ****** piety under Lugonu
 36459 | Orc:2    | Reached XP level 15. HP: 60/105 MP: 24/24
 36853 | Orc:2    | Found Radwam's Armour Shoppe.
 36853 | Orc:2    | Found Seluis's Food Shop.
 37448 | Orc:2    | Found a roughly hewn altar of Beogh.
 37505 | Orc:2    | Found Jehaxkeu's Antique Armour Shoppe.
 37505 | Orc:2    | Found Adylil's Assorted Antiques.
 37510 | Orc:2    | Bought a pair of glowing boots for 157 gold pieces
 37510 | Orc:2    | Bought a pair of scorched gloves for 332 gold pieces
 37540 | Orc:2    | Identified the cursed +0 pair of gloves "Ulowk" {rPois rN++ MR++} (You bought it in a shop on level 2 of the Orcish Mines)
 37578 | Orc:2    | Bought a scroll of identify for 58 gold pieces
 37664 | Orc:2    | Found a staircase to the Elven Halls.
 38291 | Orc:2    | Noticed an orc warlord
 38307 | Orc:2    | Banished an orc warlord
 38888 | D:11     | Noticed Josephine
 38900 | D:11     | Killed Josephine
 38910 | D:11     | Reached skill level 10 in Evocations
 39192 | D:11     | Reached skill level 1 in Throwing
 40853 | D:12     | Noticed Maurice
 40859 | D:12     | Killed Maurice
 41013 | D:12     | Noticed pedritolo's ghost (journeyman MiMo)
 41053 | D:12     | Killed pedritolo's ghost
 41236 | D:12     | Noticed Nergalle
 41279 | D:12     | Killed Nergalle
 41670 | D:13     | Slain by an enchanted long sword

Inventory:

Hand Weapons
 i - a +0 halberd
 l - a +0 glaive (weapon)
Missiles
 A - 4 javelins (quivered)
 W - 3 throwing nets
 X - 55 tomahawks
Armour
 s - a +2 cloak (worn)
 I - a +1 plate armour of fire resistance (worn)
 L - a +2 chain mail of fire resistance
 O - the +0 shield of Leapfrog (worn) {rF+ rN+ MR+ rCorr}
   (You bought it in a shop on level 6 of the Dungeon)

   It protects you from fire.
   It protects you from negative energy.
   It affects your resistance to hostile enchantments.
   It protects you from acid and corrosion.
 R - a +0 pair of boots of flying (worn)
 V - the +0 pair of gloves "Ulowk" (worn) {rPois rN++ MR++}
   (You bought it in a shop on level 2 of the Orcish Mines)

   It protects you from poison.
   It greatly protects you from negative energy.
   It affects your resistance to hostile enchantments.
Jewellery
 o - a ring of poison resistance (left hand)
 C - a ring of sustain attributes (right hand)
 P - an uncursed amulet of harm {unknown}
 Z - an amulet of faith (around neck)
Wands
 k - a wand of confusion (24/48)
 q - a wand of iceblast (8/15)
 r - a wand of lightning (7/15)
 S - a wand of teleportation (1/9)
 U - a wand of iceblast (1/15)
 Y - a wand of polymorph (15/24)
Scrolls
 d - a scroll of magic mapping
 f - 5 scrolls of fog
 m - 2 scrolls of enchant armour {unknown}
 p - 4 scrolls of recharging
 t - a scroll of vulnerability {unknown}
 u - a scroll of fear
 x - 7 scrolls of remove curse
 B - 4 scrolls of random uselessness {unknown}
 J - 3 scrolls of enchant weapon {unknown}
 K - a scroll of brand weapon {unknown}
Potions
 e - a potion of haste {unknown}
 g - 4 potions of brilliance
 j - 2 potions of magic
 n - 4 potions of curing
 D - 3 potions of ambrosia
 F - a potion of cancellation
 G - 2 potions of might
 N - a potion of agility
Miscellaneous
 h - a fan of gales (inert)
 y - a fan of gales (inert)
 T - a fan of gales (inert)
Comestibles
 a - 3 meat rations
 b - a chunk of flesh
 c - 18 bread rations
 H - a beef jerky
 M - 9 fruits
 Q - 7 royal jellies

Table legend:
 A = Turns spent in this place as a percentage of turns spent in the entire game.
 B = Non-inter-level travel turns spent in this place as a percentage of non-inter-level travel turns spent in the entire game.
 C = Inter-level travel turns spent in this place as a percentage of turns spent in this place.
 D = Turns resting spent in this place as a percentage of non-inter-level travel turns spent in this place.
 E = Turns spent auto-exploring this place as a percentage of non-inter-level travel turns spent in this place.
 F = Non-inter-level travel turns spent in this place divided by the number of levels of this place that you've seen.
                   A       B       C       D       E      F
               +-------+-------+-------+-------+-------+----------------------
         Total | 100.0 | 100.0 |   0.7 |   3.8 |   5.7 | 533.6
       Dungeon |  55.3 |  55.2 |   0.7 |   3.8 |   5.9 | 566.5
          Lair |  29.7 |  29.7 |   0.7 |   3.0 |   6.5 | 565.1
  Orcish Mines |  13.7 |  13.8 |   0.3 |   4.7 |   2.9 | 918.5
         Abyss |   0.6 |   0.6 |   0.0 |  19.8 |  11.1 |  40.5
       Volcano |   0.8 |   0.8 |   0.0 |   5.9 |   4.9 | 102.0
               +-------+-------+-------+-------+-------+----------------------


   Skills:
 - Level 8.3 Fighting
 + Level 16.6 Polearms
 - Level 2.0 Throwing
 - Level 12.4 Armour
 - Level 0.8 Dodging
 - Level 9.0 Shields
 - Level 12.0 Invocations
 - Level 10.2 Evocations


You had 14 spell levels left.
You didn't know any spells.

Dungeon Overview and Level Annotations

Branches:
Dungeon (13/15)            Temple (0/1) D:6            Lair (7/8) D:8
 Shoals (0/4) Lair:6        Snake (0/4) Lair:4        Slime (0/6) Lair:7
    Orc (2/2) D:10            Elf (0/3) Orc:2
 Vaults: D:13-14

Altars:
Elyvilon
Fedhas
Gozag
Makhleb
Nemelex Xobeh
Pakellas
Ru
Vehumet
Xom
Beogh

Shops:
D:5 !!*   D:6 [   D:8 [*==[   Orc:2 *[%[

Portals:
Trove: D:10 (give potion of experience)

Annotations:
D:9 Prince Ribbit
D:13 Sonja
Lair:1 exclusion: oklob plant
Abyss:1 Erolcha, Snorg


Innate Abilities, Weirdness & Mutations

You are under a permanent stasis effect.
You can dig through walls and to a lower floor.
Your four strong arms can wield two-handed weapons with a shield.
You have a pair of large antennae on your head (SInv).


Message History

You feel much better.
You feel sick. The enchanted long sword hits you!
* * * LOW HITPOINT WARNING * * *
You feel sick.
The enchanted long sword hits you but does no damage.
Sonja casts a spell.
Sonja blinks!
You block the enchanted long sword's attack.
You feel sick. The enchanted long sword hits you.
* * * LOW HITPOINT WARNING * * *
Drink which item? (? for menu, Esc to quit)
You feel better. The enchanted long sword hits you.
* * * LOW HITPOINT WARNING * * *
You block the enchanted long sword's attack.
The giant frog croaks.
You see here a giant club.
You hit the giant frog but do no damage.
The enchanted long sword hits you!
* * * LOW HITPOINT WARNING * * *
The giant frog barely misses you. The enchanted long sword hits you!
You die...

.# *,* .# *.# .# *.#
.# *.#
.################.#
..............(...#
........<....?....#
...............F..#
##......########@.#
#......# #(.#
######## #..# #K.#
#..#
################..#
..................#
...........ยง......#
..W...####)######.#


You could see Sonja, a giant frog and an enchanted long sword.

Table legend:
 A = Kills in this place as a percentage of kills in entire the game.
 B = Kills by you in this place as a percentage of kills by you in the entire game.
 C = Kills by friends in this place as a percentage of kills by friends in the entire game.
 D = Other kills in this place as a percentage of other kills in the entire game.
 E = Experience gained in this place as a percentage of experience gained in the entire game.
 F = Experience gained in this place divided by the number of levels of this place that you have seen.
                   A       B       C       D       E      F
               +-------+-------+-------+-------+-------+----------------------
         Total | 100.0 | 100.0 | 100.0 | 100.0 | 100.0 | 4021.1
       Dungeon |  50.1 |  50.5 |  25.0 |  30.8 |  32.1 | 2480.9
          Lair |  30.0 |  29.6 |  25.0 |  61.5 |  49.0 | 7030.7
  Orcish Mines |  19.2 |  19.3 |  50.0 |   7.7 |  17.0 | 8538.5
       Volcano |   0.7 |   0.7 |   0.0 |   0.0 |   2.0 | 1983.0
               +-------+-------+-------+-------+-------+----------------------

Vanquished Creatures
  Josephine (D:11)
  The ghost of pedritolo the Grappler, a journeyman MiMo of Okawaru (D:12)
  2 centaur warriors
  2 hydras
  A queen ant (Lair:6)
  A dancing weapon (D:13)
  7 death yaks
  Nergalle (D:12)
  7 orc knights
  A wolf spider zombie (D:8)
  2 hill giants
  2 orc sorcerers (Orc:2)
  3 cyclopes
  A griffon (Lair:5)
  3 black mambas
  3 sirens (Lair:6)
  A centaur zombie (D:13)
  Maurice (D:12)
  5 elephants
  Psyche (D:9)
  12 spiny frogs
  A kobold demonologist (D:11)
  2 yaktaurs (Volcano)
  4 rime drakes (Lair:5)
  6 komodo dragons
  The ghost of Graouh the Shield-Bearer, an amateur MiFi of Okawaru (D:4)
  A queen bee (D:10)
  3 trolls
  A merfolk (Lair:6)
  9 blink frogs
  The ghost of Loki the Skirmisher, an amateur GrFi (D:5)
  5 wraiths (D:11)
  5 wyverns (Lair:5)
  24 yaks
  10 basilisks
  3 hungry ghosts
  18 hippogriffs
  3 nagas (Lair:4)
  10 wargs (Orc:2)
  20 soldier ants (Lair:6)
  21 water moccasins
  5 porcupines
  60 orc warriors
  2 black bears
  8 ice beasts
  A necrophage (D:8)
  3 phantoms
  10 ogres
  2 sky beasts (D:3)
  A wasp (D:9)
  3 wolves (Lair:2)
  A boggart (Orc:1)
  18 centaurs
  14 crocodiles
  4 big kobolds
  15 giant frogs
  5 scorpions
  23 killer bees
  15 wights
  6 howler monkeys
  A lava snake (D:10)
  7 crimson imps
  2 quasits (D:8)
  24 orc priests
  8 hounds
  5 jellies
  30 orc wizards
  4 giant frog skeletons
  4 centaur skeletons
  3 gnoll shamans (D:11)
  9 iguanas
  31 worker ants
  A hell rat (D:6)
  2 killer bee zombies
  29 sheep
  A hound zombie (D:11)
  3 hound skeletons
  2 worker ant zombies
  17 adders
  6 gnolls (D:11)
  52 river rats
  3 shadow imps
  12 white imps (D:13)
  An ooze (D:4)
  An adder skeleton (D:4)
  2 adder zombies
  4 worms
  2 dart slugs
  2 giant geckos
  115 orcs
  2 ball pythons
  5 giant cockroaches
  12 goblins
  7 hobgoblins
  8 jackals
  6 quokkas
  7 bats
  2 giant gecko skeletons
  7 giant newts
  A jackal skeleton (D:8)
  12 kobolds
  A quokka skeleton (D:4)
  28 rats
  A butterfly (D:3)
  A fungus (Lair:5)
885 creatures vanquished.

Vanquished Creatures (collateral kills)
  A rime drake (Lair:5)
  Sigmund (D:4)
  2 orc warriors (Orc:2)
4 creatures vanquished.

Vanquished Creatures (others)
  An orc warlord (Orc:2)
  4 hydras
  A hill giant (D:10)
  A cyclops (D:11)
  An elephant (D:8)
  12 fungi
  14 plants
34 creatures vanquished.

Grand Total: 923 creatures vanquished

Action                   |  1- 3 |  4- 6 |  7- 9 | 10-12 | 13-15 || total
-------------------------+-------+-------+-------+-------+-------++-------
Melee: Spear             |   127 |   149 |       |       |       ||   276
       Trident           |       |    82 |   620 |   859 |       ||  1561
       Halberd           |       |       |       |   990 |  2676 ||  3666
       Glaive            |       |       |       |       |   338 ||   338
Throw: Tomahawk          |       |       |       |       |     5 ||     5
       Javelin           |       |       |       |       |    14 ||    14
       Throwing net      |       |       |       |       |     2 ||     2
Invok: Depart the Abyss  |     1 |       |       |     1 |       ||     2
       Bend Space        |       |     3 |     6 |     5 |     5 ||    19
       Banish            |       |       |       |    10 |    16 ||    26
       Enter the Abyss   |       |       |       |     1 |       ||     1
 Abil: Shaft Self        |     1 |     2 |     2 |     1 |       ||     6
       Dig               |       |     1 |     8 |    15 |    17 ||    41
Evoke: Wand              |       |     6 |     6 |    25 |    34 ||    71
       Fan of gales      |       |       |       |     1 |     4 ||     5
       Phantom mirror    |       |       |       |       |     1 ||     1
  Use: Scroll            |       |     5 |    10 |     6 |    10 ||    31
       Potion            |       |     1 |     5 |     6 |     7 ||    19
 Stab: Paralysed         |       |     5 |       |    47 |    21 ||    73
       Confused          |       |       |       |       |     2 ||     2
  Eat: Chunk             |     3 |     6 |    16 |    31 |    55 ||   111
       Bread ration      |       |     1 |       |       |       ||     1
       Beef jerky        |       |       |     2 |     1 |       ||     3
       Fruit             |       |       |     2 |     2 |     1 ||     5
       Meat ration       |       |       |     1 |     4 |     2 ||     7
       Pizza             |       |       |     1 |       |       ||     1
Armor: Leather armour    |    15 |    49 |    41 |       |       ||   105
       Skin              |       |    25 |     6 |       |       ||    31
       Chain mail        |       |       |   148 |   471 |   366 ||   985
       Plate armour      |       |       |       |       |   290 ||   290
Dodge: Dodged            |    46 |    82 |   187 |   380 |   372 ||  1067
Block: Buckler           |       |       |    62 |       |       ||    62
       Shield            |       |       |    28 |   734 |   819 ||  1581

Vault maps used:
D:1:      noname_arrival_rooms_in_the_neighbourhood, st_stairs_1
D:2:      forest_paths, gammafunk_temple_overflow_pools, minmay_misc_feat_rugged
D:3:      xom_butterflies, ecumenical_altar_2, serial_park_tiny_2
D:4:      uniq_sigmund
D:5:      nemelex_xobeh_ov_fountains_minmay, nicolae_ru_sacrificial_ziggurat,
          first_bread, serial_shops, kennysheep_mini, shop,
          kennysheep_little_box
D:6:      lemuel_ratsnest, temple_fountains, serial_shops,
          nicolae_shop_temple_entry_statues_fountains, minmay_crossroads
D:7:      minitemple, corexii_checkpoint_a
D:8:      david_lair_generic, serial_shops,
          nicolae_shop_competitors_out_of_business,
          nicolae_shop_overgrown_old_shop, shop_fountains, nicolae_shop_trees,
          shop
D:9:      nicolae_overflow_crystal_walls, corexii_corridor_pit,
          uniq_prince_ribbit1, uniq_erolcha, uniq_psyche
D:10:     david_orc_4, enter_trove_1, david_nohive_1, minmay_misc_feat_square,
          kennysheep_dice
D:11:     kennysheep_seaside_town, uniq_sonja, uniq_josephine
D:12:     minmay_orc_keep, uniq_nergalle, uniq_maurice
D:13:     erik_vaults_1, portal_ice_cave_entry_imps
Lair:1:   st_stairs_11, tgw_fedhas
Lair:2:   serial_bayou_pond_b
Lair:3:   uniq_snorg
Lair:4:   guppyfry_snake_entry_garden, grunt_megastairs_1
Lair:5:   special_room, enter_volcano_2
Lair:6:   elwin_shoals_entry_stream, minivault_29
Lair:7:   slime_dummy
Orc:2:    st_orc_town, amalloy_card_club
Volcano:  volcano_pools
